 Dungeon Crawl Stone Soup version 0.30-a0-1018-g25214051b3 (webtiles) character file.

Game seed: 11790374920220463585

372 Pimp the Ducker (level 6, -2/47 HPs)
             Began as a Demonspawn Gladiator on Apr 7, 2023.
             Slain by a phantom (7 damage)
             ... on level 4 of the Dungeon.
             The game lasted 00:06:04 (2910 turns).

Pimp the Ducker (Demonspawn Gladiator)              Turns: 2910, Time: 00:06:05

Health: -2/47      AC:  3    Str: 15    XL:     6   Next: 43%
Magic:  9/9        EV: 13    Int:  9    God:
Gold:   108        SH:  0    Dex: 16    Spells: 9/9 levels left

rFire   . . .      SeeInvis .    m - +2 mace (pain)
rCold   . . .      Faith    .    (no shield)
rNeg    . . .      Spirit   .    b - +0 leather armour
rPois   .          Reflect  .    p - +0 hat
rElec   .          Rampage  .    (no cloak)
rCorr   .                        (no gloves)
Will    .....                    (no boots)
Stlth   +                        (no amulet)
HPRegen 0.27/turn                (no ring)
MPRegen 0.11/turn                (no ring)

@: no status effects
A: antennae 2, hooves 1
a: no special abilities


You were on level 4 of the Dungeon.
You visited 1 branch of the dungeon, and saw 4 of its levels.

You collected 108 gold pieces.

Inventory:

Hand Weapons
 a - a +0 long sword
 k - a +2 heavy mace
 m - a +2 mace of pain (weapon)
Missiles
 d - 3 throwing nets (quivered)
 e - a javelin
Armour
 b - a +0 leather armour (worn)
 c - a +0 helmet
 p - a +0 hat (worn)
Jewellery
 i - a ring of wizardry
 s - a ring of protection from fire
 x - a +6 ring of intelligence
Scrolls
 g - 2 scrolls of blinking {unknown}
 h - 2 scrolls of teleportation {unknown}
 j - a scroll of summoning {unknown}
 l - 4 scrolls of identify {unknown}
 w - a scroll of enchant weapon {unknown}
Potions
 f - a potion of degeneration {unknown}
 n - 2 potions of resistance {unknown}
 o - a potion of lignification {unknown}
 q - 3 potions of haste {unknown}
 r - 2 potions of curing
 t - a potion of ambrosia {unknown}
 u - a potion of might {unknown}
 v - a potion of flight {unknown}


   Skills:
 + Level 3.3 Fighting
 + Level 3.7 Long Blades
 + Level 3.0 Throwing
 + Level 1.9 Armour
 + Level 3.7 Dodging
 + Level 2.0 Spellcasting


You had 9 spell levels left.
You didn't know any spells.
Your spell library contained the following spells:

 Spells                   Type           Power      Damage    Failure   Level
 Freeze                   Ice            0%         1d3       38%         1
 Poisonous Vapours        Pois/Air       0%         N/A       52%         2
 Frozen Ramparts          Ice            0%         1d1       77%         3
 Hailstorm                Conj/Ice       0%         3d3       77%         3
 Mephitic Cloud           Conj/Pois/Air  0%         N/A       77%         3
 Freezing Cloud           Conj/Ice/Air   0%         6-21      100%        5
 Chain Lightning          Conj/Air       0%         N/A       100%        9
 Fire Storm               Conj/Fire      0%         5d1       100%        9
 Shatter                  Erth           0%         3d5*      100%        9


Dungeon Overview and Level Annotations

Branches:
Dungeon (4/15)
 Temple: D:4-7

Altars:

Shops:
D:1 ?


Innate Abilities, Weirdness & Mutations

You have a pair of antennae on your head.
You have large cloven feet.


Message History

An endoplasm comes into view.
The phantom hits you!
You hit the phantom but do no damage. Your kick misses the phantom.
Your punch misses the phantom.
The phantom is heavily damaged.
The phantom hits you.
The phantom blinks!
You blink.
An adder comes into view.
The phantom hits you.
The phantom blinks!
You blink.
The adder hisses angrily.
You hit the phantom. You kick the phantom.
The phantom is heavily damaged.
The phantom closely misses you. The adder closely misses you.
You barely miss the phantom. Your kick misses the phantom.
The phantom is heavily damaged.
The adder barely misses you. The phantom hits you.
The adder closely misses you.
You closely miss the adder. You kick the adder, but do no damage.
The phantom hits you.
The phantom blinks!
You blink.
The phantom closely misses you. The endoplasm closely misses you.
You hit the endoplasm.
You kick the endoplasm, but do no damage.
The endoplasm is lightly wounded.
The phantom hits you!
* * * LOW HITPOINT WARNING * * *
The phantom blinks!
You blink.
You hit the phantom. You kick the phantom, but do no damage.
The phantom is severely damaged.
The phantom hits you.
* * * LOW HITPOINT WARNING * * *
The phantom blinks!
You blink.
The phantom hits you.
* * * LOW HITPOINT WARNING * * *
The phantom blinks!
You blink.
The endoplasm jiggles.
The adder attacks as you move away! The adder barely misses you.
The phantom attacks as you move away! The phantom hits you.
* * * LOW HITPOINT WARNING * * *
The adder attacks as you move away! The adder bites you but does no damage.
There is a stone staircase leading up here.
The adder closely misses you. The phantom hits you!
You die...

#.# .....
..... .. #.#.#
... #.#.# ..
#.#.# .#
#.#.##.#
##W.....#
#@SJ...##
#.##.#.#######
#.##.#.#......
#.##..§...#
#.####§#......
#.# #§#.####.
#.. ..# # ###
####


You could see a phantom, an adder and an endoplasm.

Vanquished Creatures
  Sigmund (D:2)
  Terence (D:3)
  An orc wizard (D:2)
  8 adders
  A dart slug (D:3)
  6 orcs (D:2)
  2 ball pythons (D:1)
  8 bats
  13 endoplasms
  5 giant cockroaches
  5 goblins
  9 hobgoblins
  5 kobolds
  2 quokkas (D:2)
  3 frilled lizards
  2 rats
72 creatures vanquished.

Notes
Turn   | Place    | Note
-------+----------+-------------------------------------------
     0 | D:1      | Pimp the Demonspawn Gladiator began the quest for the Orb.
     0 | D:1      | Reached XP level 1. HP: 16/16 MP: 1/1
   207 | D:1      | Discovered your monstrous ancestry.
   207 | D:1      | Gained mutation: You have large cloven feet. [demonic
                  | ancestry]
   207 | D:1      | Reached XP level 2. HP: 22/22 MP: 2/2
   273 | D:1      | Found Ixougu's Magic Scroll Emporium.
   562 | D:1      | Reached XP level 3. HP: 24/28 MP: 3/3
  1030 | D:2      | Noticed Sigmund
  1046 | D:2      | Killed Sigmund
  1047 | D:2      | Reached skill level 1 in Armour
  1047 | D:2      | Reached skill level 1 in Spellcasting
  1047 | D:2      | Gained mutation: You have a pair of small antennae on your
                  | head. [demonic ancestry]
  1047 | D:2      | Reached XP level 4. HP: 35/35 MP: 3/6
  1047 | D:2      | Reached XP level 5. HP: 41/41 MP: 3/7
  1234 | D:2      | Gained mutation: You have a pair of antennae on your head.
                  | [demonic ancestry]
  1234 | D:2      | Reached XP level 6. HP: 17/47 MP: 8/8
  2322 | D:3      | Noticed Terence
  2329 | D:3      | HP: 2/47 [Terence/+2 mace of pain (10)]
  2331 | D:3      | Killed Terence
  2910 | D:4      | Slain by a phantom

Illustrated notes

Levels and vault maps discovered:
D:1:      psy_arrival_basics, layout_basic, serial_shops, shop,
          minmay_pentomino_t2
D:2:      minmay_angry_zag, layout_loops_ring, roderic_lattice_a, uniq_sigmund
D:3:      layout_basic, serial_glass, glass_columns_b, glass_columns_a,
          glass_columns_a, glass_columns_b, glass_columns_a, glass_columns_a,
          kennysheep_generic_room_14, uniq_terence
D:4:      layout_loops_cross, gammafunk_temple_overflow_wave,
          minmay_crystal_water, minivault_24, uniq_blork_the_orc, uniq_natasha

Skill      XL: |  1  2  3  4  5  6 |
---------------+-------------------+-----
Throwing       | 2 3 |  3.0
Dodging        | 3 |  3.7
Long Blades    | 3 |  3.7
Fighting       | 3 |  3.3
Armour         | 1 |  1.9
Spellcasting   | 1 2 |  2.0

Action                     |  1- 3 |  4- 6 || total
---------------------------+-------+-------++-------
  Melee: Long sword        |    45 |       ||    45
         Kick              |    10 |    23 ||    33
         Mace              |    24 |    95 ||   119
    Use: Potion            |     2 |     1 ||     3
   Stab: Sleeping          |     1 |     2 ||     3
 Armour: Leather armour    |    22 |    34 ||    56
  Dodge: Dodged            |    56 |    73 ||   129

Table legend: (Time is in decaauts)
 A = Elapsed time spent in this place.
 B = Non-inter-level travel time spent in this place.
 C = Inter-level travel time spent in this place.
 D = Time resting spent in this place.
 E = Time spent auto-exploring this place.
 F = Levels seen in this place.
 G = Mean time per level.
                   A        B        C        D        E       F      G
               +--------+--------+--------+--------+--------+-----+--------+
         Total |   3034 |   2912 |    122 |    183 |   2090 |   4 |  758.5 |
       Dungeon |   3034 |   2912 |    122 |    183 |   2090 |   4 |  758.5 |
               +--------+--------+--------+--------+--------+-----+--------+

Top non-repeatable levels by time:
     D:2: 1195 daAuts
     D:3: 944 daAuts
     D:1: 873 daAuts
     D:4: 20 daAuts
